GULF
PORT LAVACA INDIANS @ SARASOTA EAGLES
08/14/1982
 
TOP OF THE 1ST
Port Lavaca Indians batting - Pitching for Sarasota Eagles : RHP Mark Bauer
Pitching: RHP Mark Bauer
Batting: LHB William Tirado 0-0: Ball
1-0: Called Strike
1-1: Called Strike
1-2: Foul Ball, location: 2F
1-2: Fly out, F7 (Flyball, 78XD, EV 104.4 MPH)
Batting: RHB Zoilo Sanchez 0-0: Foul Ball, location: 2F
0-1: Foul Ball, location: 2F
0-2: Ball
1-2: Ball
2-2: Hit by Pitch
Batting: LHB Wally Joyner 0-0: Ball
Zoilo Sanchez steals 2nd base (no throw)
1-0: Called Strike
1-1: Fly out, F9 (Flyball, 9S, EV 76.3 MPH)
Batting: SHB John Rigos 0-0: Called Strike
0-1: Fly out, F8 (Flyball, 89M, EV 96.9 MPH)
Top of the 1st over - 0 runs, 0 hits, 0 errors, 1 left on base; Port Lavaca 0 - Sarasota 0
BOTTOM OF THE 1ST
Sarasota Eagles batting - Pitching for Port Lavaca Indians : LHP Lester Strode
Pitching: LHP Lester Strode
Batting: SHB Ramon Sambo 0-0: Swinging Strike
0-1: Ball
1-1: Ball
2-1: Ball
3-1: Base on Balls
Batting: SHB Todd Mabe 0-0: Swinging Strike
0-1: Ball
1-1: Fielders Choice at 2nd, 1-6 (Groundball, 34S, EV 66.9 MPH)
Batting: RHB Thomas Brassil 0-0: Ball
1-0: Foul Ball, location: 2F
1-1: Fly out, F9 (Flyball, 9S, EV 84.4 MPH)
Batting: RHB Darrin Jackson 0-0: Ball
1-0: SINGLE (Line Drive, 89S, EV 95.6 MPH)
Todd Mabe to second
Runner from 2nd tries for 3rd, SAFE, throw by RF made to third
Batting: RHB Jose Estrada 0-0: Ball
1-0: Called Strike
1-1: Fly out, F9 (Flyball, 89XD, EV 94.4 MPH)
Bottom of the 1st over - 0 runs, 1 hit, 0 errors, 2 left on base; Port Lavaca 0 - Sarasota 0
TOP OF THE 2ND
Port Lavaca Indians batting - Pitching for Sarasota Eagles : RHP Mark Bauer
Batting: RHB Robbie Wine 0-0: Ball
1-0: Ball
2-0: SINGLE (Line Drive, 9LS, EV 105.6 MPH)
Batting: SHB Ruben Sierra 0-0: Foul Ball, location: 2F
0-1: Called Strike
0-2: Ball
1-2: Ball
2-2: Ball
3-2: Fly out, F7 (Flyball, 78S, EV 96.3 MPH)
Batting: LHB Jim Spring 0-0: Ball
1-0: Ball
2-0: Called Strike
2-1: Swinging Strike
2-2: Ball
3-2: Base on Balls
Robbie Wine to second
Batting: RHB Geoff Petersen 0-0: Grounds into double play, 4-6-3 (Groundball, 4, EV 85.6 MPH)
Top of the 2nd over - 0 runs, 1 hit, 0 errors, 1 left on base; Port Lavaca 0 - Sarasota 0
BOTTOM OF THE 2ND
Sarasota Eagles batting - Pitching for Port Lavaca Indians : LHP Lester Strode
Batting: RHB Ramon Henderson 0-0: Ball
1-0: Ball
2-0: Called Strike
2-1: Foul Ball, location: 2F
2-2: Ball
3-2: Base on Balls
Batting: RHB Terry Schriner 0-0: Ball
1-0: Ball
2-0: Foul Ball, location: 2F
2-1: Foul Ball, location: 2F
2-2: Foul Ball, location: 2F
2-2: Ball
3-2: Foul Ball, location: 2F
3-2: Fielders Choice at 2nd, 6-4 (Groundball, 56, EV 87.5 MPH)
Batting: LHB Dave Martinez 0-0: Foul Ball, location: 2F
0-1: Ball
1-1: Fielders Choice at 2nd, 2-6 (Groundball, 2R, EV 69.4 MPH)
Batting: LHB Jesus Mercado 0-0: Ball
1-0: Called Strike
1-1: Ball
2-1: Fly out, F8 (Flyball, 78D, EV 90.0 MPH)
Bottom of the 2nd over - 0 runs, 0 hits, 0 errors, 1 left on base; Port Lavaca 0 - Sarasota 0
TOP OF THE 3RD
Port Lavaca Indians batting - Pitching for Sarasota Eagles : RHP Mark Bauer
Batting: RHB Jeffrey Rhodes 0-0: Ball
1-0: Called Strike
1-1: Swinging Strike
1-2: Foul Ball, location: 2F
1-2: Strikes out looking
Batting: LHB William Tirado 0-0: Fly out, F2 (Popup, 25F, EV 80.6 MPH)
Batting: RHB Zoilo Sanchez 0-0: Fly out, F8 (Flyball, 8LD, EV 96.9 MPH)
Top of the 3rd over - 0 runs, 0 hits, 0 errors, 0 left on base; Port Lavaca 0 - Sarasota 0
BOTTOM OF THE 3RD
Sarasota Eagles batting - Pitching for Port Lavaca Indians : LHP Lester Strode
Batting: SHB Ramon Sambo 0-0: Ball
1-0: Ball
2-0: Ball
3-0: Called Strike
3-1: Called Strike
3-2: Base on Balls
Batting: SHB Todd Mabe 0-0: Ball
1-0: Foul Ball, location: 2F
1-1: Ball
2-1: Ball
3-1: Called Strike
3-2: Foul Ball, location: 2F
3-2: Foul Ball, location: 2F
3-2: Foul Ball, location: 2F
3-2: Base on Balls
Ramon Sambo to second
Batting: RHB Thomas Brassil 0-0: Foul Ball, location: 2F
0-1: Ball
1-1: Foul Ball, location: 2F
1-2: Ball
2-2: Fly out, F8 (Flyball, 8LM, EV 81.9 MPH)
Batting: RHB Darrin Jackson 0-0: Ball
1-0: Called Strike
1-1: Ball
2-1: Foul Ball, location: 2F
2-2: Foul Ball, location: 2F
2-2: Grounds into double play, 6-4-3 (Groundball, 6, EV 81.9 MPH)
Bottom of the 3rd over - 0 runs, 0 hits, 0 errors, 1 left on base; Port Lavaca 0 - Sarasota 0
TOP OF THE 4TH
Port Lavaca Indians batting - Pitching for Sarasota Eagles : RHP Mark Bauer
Batting: LHB Wally Joyner 0-0: Ball
1-0: Called Strike
1-1: Fly out, F7 (Flyball, 7, EV 90.0 MPH)
Batting: SHB John Rigos 0-0: Foul Ball, location: 2F
0-1: Foul Ball, location: 2F
0-2: Ball
1-2: Ball
2-2: Strikes out swinging
Batting: RHB Robbie Wine 0-0: Ball
1-0: Called Strike
1-1: Swinging Strike
1-2: Foul Ball, location: 2F
1-2: Ball
2-2: Ball
3-2: Foul Ball, location: 2F
3-2: Foul Ball, location: 2F
3-2: Fly out, F3 (Flyball, 3D, EV 89.4 MPH)
Top of the 4th over - 0 runs, 0 hits, 0 errors, 0 left on base; Port Lavaca 0 - Sarasota 0
BOTTOM OF THE 4TH
Sarasota Eagles batting - Pitching for Port Lavaca Indians : LHP Lester Strode
Batting: RHB Jose Estrada 0-0: DOUBLE (Flyball, 89D, EV 94.4 MPH)
Batting: RHB Ramon Henderson 0-0: Ball
1-0: Ball
2-0: Foul Ball, location: 2F
2-1: DOUBLE (Flyball, 8LXD, EV 103.8 MPH)
Jose Estrada scores
Batting: RHB Terry Schriner 0-0: Called Strike
0-1: Foul Ball, location: 2F
0-2: Ball
1-2: Ground out 6-3 (Groundball, 6M, EV 105.6 MPH)
Ramon Henderson to third
Batting: LHB Dave Martinez 0-0: Called Strike
0-1: Foul Ball, location: 2F
0-2: Strikes out swinging
Batting: LHB Jesus Mercado 0-0: Swinging Strike
0-1: Called Strike
0-2: Strikes out swinging
Bottom of the 4th over - 1 run, 2 hits, 0 errors, 1 left on base; Port Lavaca 0 - Sarasota 1
TOP OF THE 5TH
Port Lavaca Indians batting - Pitching for Sarasota Eagles : RHP Mark Bauer
Batting: SHB Ruben Sierra 0-0: Ball
1-0: Swinging Strike
1-1: Foul Ball, location: 2F
1-2: Ball
2-2: Foul Ball, location: 2F
2-2: Strikes out swinging
Batting: LHB Jim Spring 0-0: Called Strike
0-1: Ground out 6-3 (Groundball, 6M, EV 88.8 MPH)
Batting: RHB Geoff Petersen 0-0: Ball
1-0: Called Strike
1-1: Called Strike
1-2: SINGLE (Line Drive, 9LS, EV 100.0 MPH)
Batting: RHB Jeffrey Rhodes 0-0: Swinging Strike
0-1: Swinging Strike
0-2: Fly out, F4 (Popup, 4M, EV 75.0 MPH)
Top of the 5th over - 0 runs, 1 hit, 0 errors, 1 left on base; Port Lavaca 0 - Sarasota 1
BOTTOM OF THE 5TH
Sarasota Eagles batting - Pitching for Port Lavaca Indians : LHP Lester Strode
Batting: SHB Ramon Sambo 0-0: Ball
1-0: Ball
2-0: Foul Ball, location: 2F
2-1: Ball
3-1: Called Strike
3-2: Ground out U3 (Groundball, 3, EV 82.5 MPH)
Batting: SHB Todd Mabe 0-0: DOUBLE (Line Drive, 7LM, EV 109.4 MPH)
Batting: RHB Thomas Brassil 0-0: Ball
1-0: Called Strike
1-1: Ball
2-1: Foul Ball, location: 2F
2-2: SINGLE (Line Drive, 78S, EV 94.4 MPH)
Todd Mabe to third
Runner from 3rd tries for Home, SAFE, throw by CF to home
Batting: RHB Darrin Jackson 0-0: Called Strike
0-1: Ball
1-1: Foul Ball, location: 2F
1-2: Foul Ball, location: 2F
1-2: Ball
Wild Pitch!
Thomas Brassil to second
2-2: Foul Ball, location: 2F
2-2: Strikes out swinging, 2-3 out at first.
Batting: RHB Jose Estrada 0-0: Foul Ball, location: 2F
0-1: Ball
1-1: Ball
2-1: Ball
3-1: Called Strike
3-2: Foul Ball, location: 2F
3-2: Foul Ball, location: 2F
3-2: Base on Balls
Batting: RHB Ramon Henderson 0-0: Ground out 1-3 (Groundball, 13S, EV 66.9 MPH)
Bottom of the 5th over - 1 run, 2 hits, 0 errors, 2 left on base; Port Lavaca 0 - Sarasota 2
TOP OF THE 6TH
Port Lavaca Indians batting - Pitching for Sarasota Eagles : RHP Mark Bauer
Batting: LHB William Tirado 0-0: Ball
1-0: Fly out, F7 (Flyball, 78S, EV 86.3 MPH)
Batting: RHB Zoilo Sanchez 0-0: Foul Ball, location: 2F
0-1: Ball
1-1: Called Strike
1-2: Ball
2-2: Ball
3-2: Ground out 5-3 (Groundball, 56S, EV 87.5 MPH)
Batting: LHB Wally Joyner 0-0: Ball
1-0: Swinging Strike
1-1: Ball
2-1: Fly out, F8 (Flyball, 8RS, EV 87.5 MPH)
Top of the 6th over - 0 runs, 0 hits, 0 errors, 0 left on base; Port Lavaca 0 - Sarasota 2
BOTTOM OF THE 6TH
Sarasota Eagles batting - Pitching for Port Lavaca Indians : LHP Lester Strode
Batting: RHB Terry Schriner 0-0: Called Strike
0-1: Swinging Strike
0-2: Ball
1-2: Fly out, F8 (Flyball, 8RM, EV 96.3 MPH)
Pitching: RHP Mark Leonette
Batting: LHB Dave Martinez 0-0: Foul Ball, location: 2F
0-1: Foul Ball, location: 2F
0-2: Ball
1-2: Ground out 4-3 (Groundball, 4, EV 88.1 MPH)
Batting: LHB Jesus Mercado 0-0: Ball
1-0: Foul Ball, location: 2F
1-1: Swinging Strike
1-2: Strikes out swinging
Bottom of the 6th over - 0 runs, 0 hits, 0 errors, 0 left on base; Port Lavaca 0 - Sarasota 2
TOP OF THE 7TH
Port Lavaca Indians batting - Pitching for Sarasota Eagles : RHP Mark Bauer
Batting: SHB John Rigos 0-0: Ball
1-0: Fly out, F8 (Flyball, 8RS, EV 86.3 MPH)
Batting: RHB Robbie Wine 0-0: Ball
1-0: Called Strike
1-1: Ground out 6-3 (Groundball, 6, EV 78.8 MPH)
Batting: SHB Ruben Sierra 0-0: Ball
1-0: Fly out, F7 (Flyball, 7, EV 78.8 MPH)
Top of the 7th over - 0 runs, 0 hits, 0 errors, 0 left on base; Port Lavaca 0 - Sarasota 2
BOTTOM OF THE 7TH
Sarasota Eagles batting - Pitching for Port Lavaca Indians : RHP Mark Leonette
Batting: SHB Ramon Sambo 0-0: Called Strike
0-1: Called Strike
0-2: Ball
1-2: Ball
2-2: Fly out, F9 (Flyball, 89S, EV 78.8 MPH)
Batting: SHB Todd Mabe 0-0: Fly out, F9 (Flyball, 9D, EV 93.1 MPH)
Batting: RHB Thomas Brassil 0-0: Ball
1-0: Ground out 3-1 (Groundball, 34, EV 85.6 MPH)
Bottom of the 7th over - 0 runs, 0 hits, 0 errors, 0 left on base; Port Lavaca 0 - Sarasota 2
TOP OF THE 8TH
Port Lavaca Indians batting - Pitching for Sarasota Eagles : RHP Mark Bauer
Batting: LHB Jim Spring 0-0: Foul Ball, location: 2F
0-1: Called Strike
0-2: Ball
1-2: Ball
2-2: Foul Ball, location: 2F
2-2: Ball
3-2: Fly out, F9 (Flyball, 9LM, EV 102.5 MPH)
Pitching: RHP Ricky Rodriguez
Batting: RHB Geoff Petersen 0-0: Foul Ball, location: 2F
0-1: Foul Ball, location: 2F
0-2: Foul Ball, location: 2F
0-2: Foul Ball, location: 2F
0-2: Ball
1-2: Ball
2-2: Strikes out swinging
Batting: RHB Jeffrey Rhodes 0-0: Ball
1-0: Foul Ball, location: 2F
1-1: Foul Ball, location: 2F
1-2: Strikes out swinging
Top of the 8th over - 0 runs, 0 hits, 0 errors, 0 left on base; Port Lavaca 0 - Sarasota 2
BOTTOM OF THE 8TH
Sarasota Eagles batting - Pitching for Port Lavaca Indians : RHP Mark Leonette
Batting: RHB Darrin Jackson 0-0: Called Strike
0-1: Foul Ball, location: 2F
0-2: Ball
1-2: Ball
2-2: Ball
3-2: Fly out, F8 (Flyball, 8RD, EV 100.0 MPH)
Batting: RHB Jose Estrada 0-0: Ground out 6-3 (Groundball, 6MD, EV 82.5 MPH)
Batting: RHB Ramon Henderson 0-0: Ball
1-0: Swinging Strike
1-1: Ball
2-1: Foul Ball, location: 2F
2-2: Foul Ball, location: 2F
2-2: DOUBLE (Flyball, 8RXD, EV 113.1 MPH)
Pitching: RHP Michael Shuleeta
Batting: RHB Terry Schriner 0-0: Ball
1-0: Foul Ball, location: 2F
1-1: Called Strike
1-2: Strikes out looking
Bottom of the 8th over - 0 runs, 1 hit, 0 errors, 1 left on base; Port Lavaca 0 - Sarasota 2
TOP OF THE 9TH
Port Lavaca Indians batting - Pitching for Sarasota Eagles : RHP Ricky Rodriguez
Pitching: RHP Charlie Corbell
Batting: LHB William Tirado 0-0: Ball
1-0: Ball
2-0: Fly out, F4 (Popup, 4D, EV 53.8 MPH)
Batting: RHB Zoilo Sanchez 0-0: Ball
1-0: Ball
2-0: Swinging Strike
2-1: Ground out 6-3 (Groundball, 6, EV 81.3 MPH)
Batting: LHB Wally Joyner 0-0: Single, Error in OF, E7, batter to second base (Line Drive, 7LS, EV 108.8 MPH)
Batting: SHB John Rigos 0-0: Foul Ball, location: 2F
0-1: Ball
1-1: Swinging Strike
1-2: Foul Ball, location: 2F
1-2: Fly out, F7 (Flyball, 78M, EV 73.8 MPH)
Top of the 9th over - 0 runs, 1 hit, 1 error, 1 left on base; Port Lavaca 0 - Sarasota 2
Friday, August 21st, 2020 - OOTP Baseball 21.5 Build 76